 Dungeon Crawl Stone Soup version 0.26-a0-1013-gf6ffb0d6bd (webtiles) character file.

Game seed: 15097591880648378776

11 sahdkjhfkaj the Grave Robber (level 2, -3/22 HPs)
             Began as a Naga Necromancer on Dec 7, 2020.
             Slain by a kobold
             ... wielding a +0 short sword
              (4 damage)
             ... on level 1 of the Dungeon.
             The game lasted 00:03:12 (1294 turns).

sahdkjhfkaj the Grave Robber (Naga Necromancer)     Turns: 1294, Time: 00:03:13

Health: -3/22      AC:  1    Str: 10    XL:     2   Next: 29%
Magic:  3/5        EV: 10    Int: 15    God:
Gold:   70         SH:  0    Dex: 11    Spells: 4/5 levels left

rFire    . . .     SeeInvis +   (no weapon)
rCold    . . .     Faith    .   (no shield)
rNeg     . . .     Spirit   .   b - +0 robe
rPois    +         Reflect  .   (no helmet)
rElec    .         Harm     .   (no cloak)
rCorr    .         Rampage  .   (no gloves)
Will     .....                  (no barding)
Stlth    ++........             (no amulet)
HPRegen  0.07/turn              (no ring)
MPRegen  0.09/turn              (no ring)

@: very slow
A: large, see invisible, deformed body, poison resistance, slowness 2, spit
poison 1, AC +0
a: Spit Poison


You were on level 1 of the Dungeon.
You visited 1 branch of the dungeon, and saw 1 of its levels.

You collected 70 gold pieces.

Inventory:

Hand Weapons
 a - a +0 whip
Armour
 b - a +0 robe (worn)
Jewellery
 d - a cursed ring of attention {unknown}
Scrolls
 c - a scroll of remove curse {!r, unknown}
 e - a scroll of noise {!r, unknown}
 f - a scroll of blinking {!r, unknown}


   Skills:
 - Level 1.5 Dodging
 - Level 4.0 Stealth
 + Level 2.3 Spellcasting
 - Level 4.0 Necromancy


You had 4 spell levels left.
You knew the following spells:

 Your Spells              Type           Power        Failure   Level
a - Pain                  Necr           ##..         4%          1

Your spell library contained the following spells:

 Spells                   Type           Power        Failure   Level
 Animate Skeleton         Necr           ##....       4%          1
 Vampiric Draining        Necr           ##........   12%         3
 Animate Dead             Necr           ##........   38%         4
 Agony                    Necr           ##......     75%         5


Dungeon Overview and Level Annotations

Branches:
Dungeon (1/15)

Altars:


Innate Abilities, Weirdness & Mutations

You cannot wear boots.
Your serpentine skin is tough. (AC +0)
You have supernaturally acute eyesight. (SInv)
Armour fits poorly on your strangely shaped body.
Your system is resistant to poisons. (rPois)
You cover ground very slowly.
You can spit poison.


Message History

Unknown command.
Unknown command.
Casting: Pain (safe; 4% risk of failure)
Confirm with . or Enter, or press ? or * to list all spells.
Aiming: Pain (safe; 4% risk of failure)
Press: ? - help, Shift-Dir - straight line, f/p - kobold
Aim: a kobold, wielding a +0 short sword (heavily wounded, chance to resist: 17%)
The kobold barely resists.
The kobold hits you with a +0 short sword.
* * * LOW HITPOINT WARNING * * *
Unknown command.
Casting: Pain (safe; 4% risk of failure)
Confirm with . or Enter, or press ? or * to list all spells.
Aiming: Pain (safe; 4% risk of failure)
Press: ? - help, Shift-Dir - straight line, f/p - kobold
Aim: a kobold, wielding a +0 short sword (heavily wounded, chance to resist: 17%)
The kobold writhes in agony.
You have got your breath back.
The kobold hits you with a +0 short sword.
You die...

#.#####.##.#######.
#.[........# #..#.
#######.#..# #..#.
#......)#..####..#.
####.#######..#.....#.
.... #..#)##.##. #..
##.#.##....
#.K##########.#####.
#..@.......(..# #.
#.....############ ##
######


You could see a kobold.

Vanquished Creatures
  A dart slug (D:1)
  2 goblins (D:1)
  2 jackals (D:1)
  A kobold (D:1)
  3 rats (D:1)
9 creatures vanquished.

Notes
Turn   | Place    | Note
-------+----------+-------------------------------------------
     0 | D:1      | sahdkjhfkaj the Naga Necromancer began the quest for the
                  | Orb.
     0 | D:1      | Reached XP level 1. HP: 15/15 MP: 3/3
   743 | D:1      | Reached XP level 2. HP: 16/22 MP: 5/5
  1294 | D:1      | Slain by a kobold

Illustrated notes

Levels and vault maps discovered:
D:1:      minmay_arrival_widening_spiral_narrow, layout_basic

Skill      XL: |  1 |
---------------+----+-----
Stealth        | 4 |  4.0
Dodging        | |  1.5
Spellcasting   | |  2.3
Necromancy     | |  4.0

Action                   || total
-------------------------++-------
Melee: Unarmed           ||    12
 Cast: Pain              ||    13
 Abil: Spit Poison       ||     7
 Stab: Sleeping          ||     1
Armor: Robe              ||     1
Dodge: Dodged            ||    10

Table legend: (Time is in decaauts)
 A = Elapsed time spent in this place.
 B = Non-inter-level travel time spent in this place.
 C = Inter-level travel time spent in this place.
 D = Time resting spent in this place.
 E = Time spent auto-exploring this place.
 F = Levels seen in this place.
 G = Mean time per level.
                   A        B        C        D        E       F      G
               +--------+--------+--------+--------+--------+-----+--------+
         Total |   1541 |   1471 |     70 |      0 |    962 |   1 | 1541.0 |
       Dungeon |   1541 |   1471 |     70 |      0 |    962 |   1 | 1541.0 |
               +--------+--------+--------+--------+--------+-----+--------+

Top non-repeatable levels by time:
     D:1: 1541 daAuts
